 Dungeon Crawl Stone Soup version 0.20-a0-1073-g49e0d3e (webtiles) character file.

10945 Gets the Bludgeoner (level 11, -51/94 (95) HPs)
             Began as a Minotaur Fighter on Apr 28, 2017.
             Was an Elder of Wu Jian.
             Killed from afar by Fannar (72 damage)
             ... with a bolt of cold
             ... on level 11 of the Dungeon on May 3, 2017.
             The game lasted 00:21:58 (13914 turns).

Gets the Bludgeoner (Minotaur Fighter)             Turns: 13914, Time: 00:22:00

HP:   -51/94 (95)   AC:  7    Str: 28    XL:     11   Next: 42%
MP:   11/11         EV: 11    Int:  5    God:    Wu Jian [****..]
Gold: 563           SH:  7    Dex:  7    Spells: 10/10 levels left

rFire    . . .     SeeInvis .   i - +4 flail (crush)
rCold    x . .     Gourm    .   A - +2 buckler {rN+}
rNeg     + . .     Faith    .   K - +1 chain mail "Nudedd" {rC- rCorr Str+7 Dex-4}
rPois    .         Spirit   .   (helmet restricted)
rElec    .         Reflect  .   (no cloak)
rCorr    +         Harm     +   (no gloves)
MR       .....     Rnd*Rage +   (no boots)
Stlth    ..........             j - amulet of harm
Regen    0.3/turn               (no ring)
MPRegen  0.2/turn               (no ring)

@: serpent's lash
A: retaliatory headbutt, horns 2, berserk 1, clumsy 1, deformed body, high mp 1
a: Serpent's Lash, Renounce Religion


You were on level 11 of the Dungeon.
You worshipped Wu Jian.
Wu Jian was greatly pleased with you.
You were not hungry.

You visited 2 branches of the dungeon, and saw 12 of its levels.

You collected 803 gold pieces.
You spent 240 gold pieces at shops.

Inventory:

Hand Weapons
 i - a +4 flail of crushing (weapon)
Armour
 b - a +0 scale mail
 c - a +0 shield
 A - a +2 buckler of positive energy (worn)
 F - a +0 ring mail of fire resistance
 K - the +1 chain mail "Nudedd" (worn) {rC- rCorr Str+7 Dex-4}
   (You found it on level 9 of the Dungeon)

   It affects your strength (+7).
   It affects your dexterity (-4).
   It makes you vulnerable to cold.
   It protects you from acid and corrosion.
Jewellery
 j - an amulet of harm (around neck)
 v - an uncursed amulet of rage
 y - a +3 amulet of reflection
 J - an uncursed ring of ice
Wands
 a - a wand of disintegration (14/24)
 t - a wand of random effects (11/48)
 w - a wand of lightning (3/15)
 z - a wand of confusion (21/48)
 D - a wand of random effects (28/48)
 E - a wand of random effects (26/48)
 G - a wand of paralysis (9/24)
 L - a wand of iceblast (3/15)
Scrolls
 e - 6 scrolls of identify
 g - a scroll of recharging {unknown}
 h - 10 scrolls of teleportation
 m - 7 scrolls of remove curse {unknown}
 n - 2 scrolls of noise {unknown}
 o - 2 scrolls of amnesia {unknown}
 p - 3 scrolls of enchant weapon {unknown}
 q - 3 scrolls of immolation {unknown}
 s - 3 scrolls of magic mapping {unknown}
 B - a scroll of brand weapon {unknown}
 C - a scroll of fog {unknown}
 H - a scroll of random uselessness {unknown}
Potions
 d - 2 potions of lignification
 k - 2 potions of haste
 r - 2 potions of might
 I - 3 potions of curing
Comestibles
 f - 11 bread rations
 l - a royal jelly
 u - 6 fruits
 x - 3 meat rations
 M - 6 chunks of flesh


   Skills:
 * Level 8.7 Fighting
 - Level 15.6 Maces & Flails
 + Level 6.8 Armour
 - Level 8.0 Dodging
 - Level 6.7 Shields


You had 10 spell levels left.
You didn't know any spells.

Dungeon Overview and Level Annotations

Branches:
Dungeon (11/15)            Temple (1/1) D:4             Orc (0/2) D:10
   Lair: D:8-11

Altars:
Ashenzari
Cheibriados
Dithmenos
Elyvilon
Fedhas
Gozag
Hepliaklqana
Kikubaaqudgha
Makhleb
Nemelex Xobeh
Okawaru
Qazlal
Ru
Sif Muna
Trog
Uskayaw
Vehumet
Wu Jian
Xom
Yredelemnul
Zin
The Shining One

Shops:
D:6 (   D:8 [   D:11 :

Annotations:
D:11 Fannar


Innate Abilities, Weirdness & Mutations

You reflexively headbutt those who attack you in melee.
You have a pair of horns on your head.
You tend to lose your temper in combat.
You are clumsy. (Dex -2)
Armour fits poorly on your strangely shaped body.
You have an increased reservoir of magic. (+10% MP)


Message History

You hit Fannar but do no damage. Your headbutt misses Fannar.
Fannar is moderately wounded.
You block the yak's attack.
You miss Fannar. Your headbutt misses Fannar.
Fannar is moderately wounded.
You block Fannar's attack. You block the yak's attack.
You closely miss Fannar.
Fannar is moderately wounded.
Fannar brushes some snowflakes from his robe.
You block Fannar's attack. You block the yak's attack.
You hit Fannar but do no damage. Your headbutt misses Fannar.
Fannar is moderately wounded.
You barely miss Fannar.
Fannar is moderately wounded.
The yak gores you.
* * * LOW HITPOINT WARNING * * *
Fannar gestures at you while chanting. The bolt of cold hits you!
You feel a terrible chill!
Ouch! That really hurt!
You die...

...........# #.........# #
........# #.........# #
........# #....÷....# #
........# #.........# #
........# #.........# #
........# #.........# #
........#####.........# #
.......†Y.............####
......†ne@................
.......#######............
....... #<......#####
....... #.......# .......
#.......# .......
#..###..# ....[.. #..#
#>.# ....... ##### #..# #
##...###..#


You could see Fannar, a yak and a necrophage.

Vanquished Creatures
  A two-headed ogre (D:10)
  An unseen horror (D:10)
  An oklob plant (D:10)
  A troll (D:10)
  Grinder (D:6)
  12 yaks
  A spriggan (D:7)
  2 hungry ghosts
  Duvessa (D:4)
  7 orc warriors
  3 ice beasts
  3 sky beasts
  2 phantoms
  2 eyes of draining
  5 ogres
  3 centaurs
  7 big kobolds
  3 gnoll sergeants
  12 bullfrogs
  A wyvern zombie (D:9)
  Dowan (D:4)
  2 wyvern skeletons
  2 scorpions
  9 wights
  12 killer bees
  A centaur zombie (D:9)
  8 howler monkeys
  2 crimson imps (D:10)
  2 quasits (D:7)
  7 hounds
  8 orc priests
  2 bullfrog zombies (D:11)
  3 jellies
  4 orc wizards
  A gnoll shaman (D:7)
  Terence (D:2)
  Jessica (D:2)
  Ijyb (D:4)
  Natasha (twice) (D:2)
  2 iguanas (D:7)
  5 worker ants
  A hound zombie (D:8)
  2 hound skeletons
  A worker ant zombie (D:10)
  17 gnolls
  14 adders
  4 shadow imps
  An ooze (D:1)
  An adder zombie (D:9)
  2 adder skeletons
  2 dart slugs
  2 worms
  4 leopard geckos
  27 orcs
  4 bats
  5 giant cockroaches
  7 goblins
  7 hobgoblins
  13 jackals
  3 quokkas
  A ball python (D:3)
  9 frilled lizards
  17 kobolds
  A leopard gecko skeleton (D:5)
  5 rats
  A butterfly (D:6)
296 creatures vanquished.

Notes
Turn   | Place    | Note
-------+----------+-------------------------------------------
     0 | D:1      | Gets the Minotaur Fighter began the quest for the Orb.
     0 | D:1      | Reached XP level 1. HP: 19/19 MP: 0/0
   213 | D:1      | Reached XP level 2. HP: 27/27 MP: 1/1
   487 | D:1      | Found a shattered altar of Ashenzari.
   532 | D:1      | Reached skill level 3 in Maces & Flails
   647 | D:1      | Reached XP level 3. HP: 33/33 MP: 2/2
   673 | D:2      | Noticed Terence
   678 | D:2      | Killed Terence
   678 | D:2      | Reached skill level 4 in Maces & Flails
   874 | D:2      | Noticed Jessica
   879 | D:2      | Killed Jessica
   879 | D:2      | Reached XP level 4. HP: 40/40 MP: 3/3
  1025 | D:2      | Reached skill level 5 in Maces & Flails
  1036 | D:2      | Noticed Natasha
  1043 | D:2      | Killed Natasha
  1207 | D:2      | Found a white marble altar of Elyvilon.
  1257 | D:2      | Reached XP level 5. HP: 46/46 MP: 4/4
  1315 | D:2      | Noticed Natasha
  1320 | D:2      | Killed Natasha
  1320 | D:2      | Reached skill level 6 in Maces & Flails
  1547 | D:3      | Found a sacrificial altar of Ru.
  2019 | D:4      | Found a shimmering altar of Xom.
  2019 | D:4      | Noticed Duvessa
  2019 | D:4      | Noticed Dowan
  2028 | D:3      | Reached skill level 7 in Maces & Flails
  2252 | D:3      | Reached XP level 6. HP: 49/52 MP: 5/5
  2377 | D:4      | Killed Duvessa
  2377 | D:4      | Reached skill level 8 in Maces & Flails
  2385 | D:4      | Killed Dowan
  2414 | D:4      | Found a burning altar of Makhleb.
  2662 | D:4      | Found an ancient bone altar of Kikubaaqudgha.
  2662 | D:4      | Found a blossoming altar of Fedhas.
  2709 | D:4      | Found a staircase to the Ecumenical Temple.
  2806 | D:4      | Reached skill level 9 in Maces & Flails
  2806 | D:4      | Reached XP level 7. HP: 46/59 MP: 6/6
  2953 | D:4      | Noticed Ijyb
  2957 | D:4      | Killed Ijyb
  3217 | D:4      | Found a bloodstained altar of Trog.
  3219 | D:4      | Found a radiant altar of Vehumet.
  3224 | D:4      | Found a glowing golden altar of the Shining One.
  3224 | D:4      | Found an opulent altar of Gozag.
  3227 | D:4      | Found a hazy altar of Hepliaklqana.
  3318 | Temple   | Entered the Ecumenical Temple
  3559 | Temple   | Became a worshipper of the Wu Jian Council
  3653 | D:5      | Entered Level 5 of the Dungeon
  3672 | D:5      | Reached skill level 10 in Maces & Flails
  3917 | D:5      | Found a shimmering altar of Xom.
  4653 | D:6      | Noticed Grinder
  4657 | D:6      | Killed Grinder
  4657 | D:6      | Reached skill level 11 in Maces & Flails
  4657 | D:6      | Reached XP level 8. HP: 56/66 MP: 7/7
  5391 | D:6      | Found Hiruekk's Antique Weapon Shoppe.
  5450 | D:6      | Reached skill level 12 in Maces & Flails
  5454 | D:6      | Gained mutation: Armour fits poorly on your strangely shaped body. [mutagenic meat]
  5455 | D:6      | Gained mutation: You tend to lose your temper in combat. [mutagenic meat]
  5673 | D:6      | Found a burning altar of Makhleb.
  5995 | D:7      | Reached skill level 13 in Maces & Flails
  6028 | D:7      | Reached * piety under Wu Jian
  6175 | D:7      | Reached XP level 9. HP: 71/71 MP: 8/8
  6534 | D:7      | Reached skill level 14 in Maces & Flails
  6829 | D:7      | Reached ** piety under Wu Jian
  7535 | D:7      | Reached skill level 15 in Maces & Flails
  8350 | D:7      | Reached skill level 1 in Dodging
  8510 | D:8      | Gained mutation: You are robust. (+10% HP) [mutagenic meat]
  8511 | D:8      | Gained mutation: You have an increased reservoir of magic. (+10% MP) [mutagenic meat]
  8512 | D:8      | Gained mutation: You are clumsy. (Dex -2) [mutagenic meat]
  8514 | D:8      | Lost mutation: You are robust. (+10% HP) [mutagenic meat]
  8753 | D:8      | Reached XP level 10. HP: 80/80 MP: 10/10
  9394 | D:8      | Reached skill level 5 in Fighting
  9415 | D:8      | Found a deep blue altar of Sif Muna.
  9510 | D:8      | Found Zifeobrufoo's Antique Armour Shoppe.
  9518 | D:8      | Bought a runed buckler for 240 gold pieces
  9586 | D:8      | Reached skill level 5 in Shields
 10478 | D:9      | Reached skill level 5 in Armour
 10621 | D:9      | Reached *** piety under Wu Jian
 10861 | D:9      | Got an ichor-stained chain mail
 10872 | D:9      | Identified the +1 chain mail "Nudedd" {rC- rCorr Str+7 Dex-4} (You found it on level 9 of the Dungeon)
 11609 | D:9      | Reached skill level 5 in Dodging
 11626 | D:9      | Gained mutation: You are partially covered in icy blue scales. (AC +2) [mutagenic meat]
 11627 | D:9      | Lost mutation: You are partially covered in icy blue scales. (AC +2) [mutagenic meat]
 11758 | D:10     | Entered Level 10 of the Dungeon
 11803 | D:10     | Found a staircase to the Orcish Mines.
 12222 | D:10     | Killed an unseen horror
 12222 | D:10     | Reached XP level 11. HP: 58/89 MP: 11/11
 12424 | D:10     | Reached **** piety under Wu Jian
 12950 | D:10     | Noticed a two-headed ogre
 12956 | D:10     | Killed a two-headed ogre
 13155 | D:10     | Found a hide-covered altar of Uskayaw.
 13155 | D:10     | Noticed an oklob plant
 13166 | D:10     | Killed an oklob plant
 13674 | D:11     | Found Niwkeffank's Book Emporium.
 13894 | D:11     | Noticed Fannar
 13914 | D:11     | Killed from afar by Fannar

Vault maps used:
D:1:      roderic_chinese_lattice_arrival, evilmike_ruin_ashenzari
D:2:      lemuel_round_altar, minmay_lizard_pond, uniq_terence, uniq_natasha,
          uniq_jessica
D:3:      nicolae_ru_awakened_eye
D:4:      xom_butterflies, minitemple, grunt_temple_overflow_growth_and_decay,
          minmay_temple_entry_trees, first_bread, makhleb_heckhound_becter,
          uniq_duvessa, uniq_ijyb
D:5:      basic_altar
D:6:      kennysheep_mini, serial_shops, kennysheep_mini_moat, uniq_grinder
D:7:      kennysheep_six_static_rooms, the_bakery, minmay_misc_feat_tower
D:8:      minmay_goldmine, led_sif_pool, serial_shops, nicolae_shop_trees
D:10:     kennysheep_orc_monster_closet_entryway, lemuel_oklob_altar
D:11:     dpeg_oklobed_lair, enter_trove_6, kennysheep_windowed_goal,
          uniq_fannar, uniq_erica
Temple:   dpeg_chambers_temple

Skill      XL: |  1  2  3  4  5  6  7  8  9 10 11 |
---------------+----------------------------------+-----
Fighting       | 4 5 8 |  8.7
Maces & Flails | 3 4 5 7 9 11 13 15 | 15.6
Armour         | 4 5 6 |  6.8
Dodging        | 1 8 |  8.0
Shields        | 6 |  6.7

Action                   |  1- 3 |  4- 6 |  7- 9 | 10-12 || total
-------------------------+-------+-------+-------+-------++-------
Melee: Flail             |    40 |   113 |   215 |   319 ||   687
       Headbutt          |    11 |    15 |    24 |    44 ||    94
Invok: Serpent's Lash    |       |       |       |     2 ||     2
  Use: Potion            |     1 |     1 |     8 |     6 ||    16
       Scroll            |       |       |     2 |     2 ||     4
  Eat: Chunk             |       |     3 |    12 |    14 ||    29
       Royal jelly       |       |     1 |     2 |     2 ||     5
       Meat ration       |       |       |     3 |       ||     3
Armor: Scale mail        |    14 |    31 |     5 |       ||    50
       Ring mail         |       |       |    27 |     5 ||    32
       Skin              |       |       |    27 |    37 ||    64
       Chain mail        |       |       |       |    33 ||    33
Dodge: Dodged            |    10 |    29 |    88 |   101 ||   228
Block: Shield            |    18 |    55 |       |       ||    73
       Buckler           |       |       |       |    71 ||    71
